 Dungeon Crawl Stone Soup version 0.23.2-30-g0e89c35649 (webtiles) character file.

Game seed: 12525535655166649744

298 Mrkan the Chiller (level 6, -10/44 HPs)
             Began as a Gnoll Ice Elementalist on June 25, 2019.
             Was an Initiate of Ashenzari.
             Killed from afar by an orc wizard (11 damage)
             ... with a puff of flame
             ... on level 4 of the Dungeon.
             The game lasted 00:07:48 (2677 turns).

Mrkan the Chiller (Gnoll Ice Elementalist)          Turns: 2677, Time: 00:07:48

Health: -10/44     AC:  2    Str: 11    XL:     6   Next: 35%
Magic:  14/14      EV: 15    Int: 19    God:    Ashenzari [......]
Gold:   128        SH:  0    Dex: 15    Spells: 14/15 levels left

rFire    . . .     SeeInvis .   j - +0 hunting sling
rCold    . . .     Gourm    .   (no shield)
rNeg     . . .     Faith    .   a - +0 robe
rPois    +         Spirit   .   (no helmet)
rElec    .         Reflect  .   (no cloak)
rCorr    .         Harm     .   (no gloves)
MR       .....                  (no boots)
Stlth    +++.......             (no amulet)
HPRegen  0.14/turn              s - ring of poison resistance
MPRegen  0.14/turn              n - ring of wizardry

@: no status effects
A: distributed training, fangs 1, strong nose
a: Curse Item, Renounce Religion


You were on level 4 of the Dungeon.
You worshipped Ashenzari.
Ashenzari was noncommittal.
You were very hungry.

You visited 1 branch of the dungeon, and saw 4 of its levels.

You collected 128 gold pieces.

Inventory:

Hand Weapons
 j - a +0 hunting sling (weapon)
 o - a +0 trident
Missiles
 k - 63 stones (quivered)
Armour
 a - a +0 robe (worn)
Jewellery
 n - a ring of wizardry (right hand)
 s - a ring of poison resistance (left hand)
Scrolls
 d - 3 scrolls of identify {unknown}
 e - a scroll of blinking {unknown}
 p - a scroll of enchant weapon {unknown}
 r - a scroll of teleportation {unknown}
 t - a scroll of amnesia {unknown}
Potions
 b - 2 potions of haste {unknown}
 f - a potion of agility {unknown}
 g - a potion of heal wounds {unknown}
 h - a potion of brilliance {unknown}
 i - 2 potions of curing {unknown}
 l - a potion of degeneration {unknown}
 m - 2 potions of resistance {unknown}
 q - a potion of mutation {unknown}
Comestibles
 c - 4 rations


   Skills:
 + Level 1.9 Fighting
 + Level 1.9 Short Blades
 + Level 1.9 Long Blades
 + Level 1.9 Axes
 + Level 1.9 Maces & Flails
 + Level 1.9 Polearms
 + Level 1.9 Staves
 + Level 1.9 Slings
 + Level 1.9 Bows
 + Level 1.9 Crossbows
 + Level 1.9 Throwing
 + Level 1.9 Armour
 + Level 4.9 Dodging
 + Level 4.5 Stealth
 + Level 1.9 Shields
 + Level 1.9 Unarmed Combat
 + Level 5.3 Spellcasting
 + Level 2.6 Conjurations
 + Level 1.5 Hexes
 + Level 1.5 Charms
 + Level 1.5 Summonings
 + Level 1.5 Necromancy
 + Level 1.5 Translocations
 + Level 1.5 Transmutations
 + Level 1.5 Fire Magic
 + Level 5.6 Ice Magic
 + Level 1.5 Air Magic
 + Level 1.5 Earth Magic
 + Level 1.5 Poison Magic
 + Level 2.1 Invocations
 + Level 1.9 Evocations


You had 14 spell levels left.
You knew the following spells:

 Your Spells              Type           Power        Failure   Level  Hunger
a - Freeze                Ice            ####         1%          1    None

Your spell library contained the following spells:

 Spells                   Type           Power        Failure   Level  Hunger
 Throw Frost              Conj/Ice       ###...       1%          2    None
 Ozocubu's Armour         Chrm/Ice       ###.....     3%          3    ##.....
 Throw Icicle             Conj/Ice       ###.....     9%          4    ####...
 Summon Ice Beast         Ice/Summ       ###.....     11%         4    ####...


Dungeon Overview and Level Annotations

Branches:
Dungeon (4/15)
 Temple: D:4-7

Altars:
Ashenzari
Kikubaaqudgha


Innate Abilities, Weirdness & Mutations

Your experience applies equally to all skills.
You have very sharp teeth.
Your uncanny sense of smell can sniff out nearby items.


Message History

A puff of frost appears from out of thin air!
The puff of frost hits you!
You clumsily bash something but do no damage.
Something hits you.
* * * LOW HITPOINT WARNING * * *
Something barely misses you.
Okay, then.
You hear some strange, mumbled words.
A puff of frost appears from out of thin air!
The puff of frost hits you.
* * * LOW HITPOINT WARNING * * *
A puff of frost appears from out of thin air!
The puff of frost hits you!
* * * LOW HITPOINT WARNING * * *
An orc wizard appears from thin air!
Reactivating autopickup.
The orc wizard looks satisfied for a moment.
The orc wizard gestures at you while chanting.
The puff of flame hits you!
You die...

## .# #.# ...# .#
#.##.##.#####.#
#...........#.# #..
.##.......#### #..
∆#...##....#..
#.####.#.##......# ∆
#.##...#.#..8#8.>.
#@##.#<.....#!#...
#.##.###.#..8#8.##
#.##..............
..#.######..########
..#.##......#..#
..#.##.#.......#
#.#o##.#.##.##.#
#.#.##.#.......# #.
#.#.##.##...########


You could see an orc wizard.

Vanquished Creatures
  An ogre (D:3)
  An orc wizard (D:2)
  An orc priest (D:2)
  An iguana (D:3)
  Robin (D:2)
  3 adders
  3 worms
  A leopard gecko (D:1)
  8 orcs
  A ball python (D:4)
  5 bats
  3 giant cockroaches
  15 goblins
  8 hobgoblins
  3 jackals (D:2)
  6 kobolds
  5 frilled lizards
  A quokka skeleton (D:4)
  7 rats
74 creatures vanquished.

Notes
Turn   | Place    | Note
-------+----------+-------------------------------------------
     0 | D:1      | Mrkan the Gnoll Ice Elementalist began the quest for the
                  | Orb.
     0 | D:1      | Reached XP level 1. HP: 13/13 MP: 6/6
    83 | D:1      | Reached XP level 2. HP: 19/19 MP: 5/7
   635 | D:2      | Reached XP level 3. HP: 25/25 MP: 6/9
   641 | D:2      | Reached skill level 5 in Spellcasting
   793 | D:2      | Reached skill level 1 in Fighting
   793 | D:2      | Reached skill level 1 in Short Blades
   793 | D:2      | Reached skill level 1 in Long Blades
   793 | D:2      | Reached skill level 1 in Axes
   793 | D:2      | Reached skill level 1 in Maces & Flails
   793 | D:2      | Reached skill level 1 in Polearms
   793 | D:2      | Reached skill level 1 in Staves
   793 | D:2      | Reached skill level 1 in Slings
   793 | D:2      | Reached skill level 1 in Bows
   793 | D:2      | Reached skill level 1 in Crossbows
   793 | D:2      | Reached skill level 1 in Throwing
   793 | D:2      | Reached skill level 1 in Armour
   793 | D:2      | Reached skill level 1 in Shields
   793 | D:2      | Reached skill level 1 in Unarmed Combat
   793 | D:2      | Reached skill level 1 in Invocations
   793 | D:2      | Reached skill level 1 in Evocations
   793 | D:2      | Reached XP level 4. HP: 28/32 MP: 3/11
   801 | D:2      | Reached skill level 1 in Hexes
   801 | D:2      | Reached skill level 1 in Charms
   801 | D:2      | Reached skill level 1 in Summonings
   801 | D:2      | Reached skill level 1 in Necromancy
   801 | D:2      | Reached skill level 1 in Translocations
   801 | D:2      | Reached skill level 1 in Transmutations
   801 | D:2      | Reached skill level 1 in Fire Magic
   801 | D:2      | Reached skill level 1 in Air Magic
   801 | D:2      | Reached skill level 1 in Earth Magic
   801 | D:2      | Reached skill level 1 in Poison Magic
  1139 | D:2      | Noticed Robin
  1152 | D:2      | Reached XP level 5. HP: 25/37 MP: 6/12
  1366 | D:2      | Killed Robin
  2002 | D:3      | Found a shattered altar of Ashenzari.
  2004 | D:3      | Found an ancient bone altar of Kikubaaqudgha.
  2017 | D:3      | Became a worshipper of Ashenzari the Shackled
  2124 | D:3      | Noticed an ogre
  2131 | D:3      | Killed an ogre
  2131 | D:3      | Reached XP level 6. HP: 44/44 MP: 10/14
  2674 | D:4      | HP: 1/44 [something/puff of frost (7)]
  2677 | D:4      | Killed from afar by an orc wizard

Skill      XL: |  1  2  3  4  5 |
---------------+----------------+-----
Conjurations   | 2 |  2.6
Spellcasting   | 5 |  5.3
Fighting       | 1 |  1.9
Short Blades   | 1 |  1.9
Long Blades    | 1 |  1.9
Axes           | 1 |  1.9
Maces & Flails | 1 |  1.9
Polearms       | 1 |  1.9
Staves         | 1 |  1.9
Slings         | 1 |  1.9
Bows           | 1 |  1.9
Crossbows      | 1 |  1.9
Throwing       | 1 |  1.9
Armour         | 1 |  1.9
Shields        | 1 |  1.9
Unarmed Combat | 1 |  1.9
Invocations    | 1 2 |  2.1
Evocations     | 1 |  1.9
Hexes          | 1 |  1.5
Charms         | 1 |  1.5
Summonings     | 1 |  1.5
Necromancy     | 1 |  1.5
Translocations | 1 |  1.5
Transmutations | 1 |  1.5
Fire Magic     | 1 |  1.5
Air Magic      | 1 |  1.5
Earth Magic    | 1 |  1.5
Poison Magic   | 1 |  1.5
Dodging        | |  4.9
Stealth        | |  4.5
Ice Magic      | |  5.6

Action                   |  1- 3 |  4- 6 || total
-------------------------+-------+-------++-------
Melee: Unarmed           |    18 |       ||    18
       Hunting sling     |       |     3 ||     3
 Fire: Hunting sling     |    11 |    78 ||    89
Throw: Stone             |     8 |       ||     8
 Cast: Freeze            |    30 |    50 ||    80
  Eat: Chunk             |       |     4 ||     4
Armor: Robe              |     4 |    14 ||    18
Dodge: Dodged            |    22 |    33 ||    55
